 Dungeon Crawl Stone Soup version 0.16-a0-3219-g20c30b8 (console) character file.

53 Kellhus the Sneak (level 3, 14/24 HPs)
             Began as a Vampire Wizard on Dec 21, 2014.
             Quit the game on level 2 of the Dungeon.
             The game lasted 00:03:54 (2690 turns).

Kellhus the Sneak (Vampire Wizard)                  Turns: 2690, Time: 00:03:54

Health: 14/24      AC:  2    Str:  6    XL:     3   Next: 62%
Magic:  0/8        EV: 13    Int: 21    God:
Gold:   61         SH:  0    Dex: 12    Spells: 1 memorised, 7 levels left

rFire  . . .     SeeInvis +     (no weapon)
rCold  . . .     Clarity  .     a - +0 robe
rNeg   . . .     SustAb   .     (no shield)
rPois  .         Gourm    .     b - +0 hat
rElec  .         Spirit   .     (no cloak)
rCorr  .         Warding  .     (no gloves)
rMut   .         Stasis   .     (no boots)
MR     .....                    (no amulet)
Stlth  +++.......               (no ring)
                                (no ring)

@: very slightly contaminated, regenerating quickly, not resistant to hostile
enchantments, fairly stealthy
A: bottle blood, fangs 3, see invisible, unbreathing
a: no special abilities


You were on level 2 of the Dungeon.
You were full.

You visited 1 branch of the dungeon, and saw 2 of its levels.

You collected 61 gold pieces.

Inventory:

Armour
 a - a +0 robe (worn)
 b - a +0 hat (worn)
Scrolls
 g - a scroll of immolation {unknown}
 h - 2 scrolls of identify {unknown}
 j - 4 scrolls of remove curse {unknown}
 k - a scroll of amnesia {unknown}
 l - a scroll of noise {unknown}
 p - a scroll of recharging {unknown}
 q - 2 scrolls of teleportation {unknown}
Potions
 d - a potion of curing {unknown}
 e - a potion of ambrosia {unknown}
 f - 2 potions of magic {unknown}
 i - a potion of haste {unknown}
 m - a potion of restore abilities {unknown}
 n - a potion of degeneration {unknown}
 o - a potion of resistance {unknown}
Books
 c - a book of Minor Magic

   Spells                             Type                      Level
   a - Magic Dart                     Conjuration                  1
   b - Blink                          Translocation                2
   c - Call Imp                       Summoning                    2
   d - Repel Missiles                 Charms/Air                   2
   e - Slow                           Hexes                        2
   f - Conjure Flame                  Conjuration/Fire             3
   g - Mephitic Cloud                 Conjuration/Poison/Air       3


   Skills:
 + Level 2.8 Dodging
 + Level 4.3 Stealth
 + Level 3.3 Spellcasting
 + Level 1.3 Conjurations
   Level 1.0 Summonings
   Level 0.7 Translocations


You had 7 spell levels left.
You knew the following spells:

 Your Spells              Type           Power        Failure   Level  Hunger
a - Magic Dart            Conj           #...         10%         1    None


Dungeon Overview and Level Annotations

Branches:
Dungeon (2/15)

Altars:

Annotations:
D:2 Terence


Innate Abilities, Weirdness & Mutations

Your natural rate of healing is unusually fast.
You can bottle blood from corpses.
You have razor-sharp teeth.
You have supernaturally acute eyesight.
You can survive without breathing.


Message History

The magic dart hits the worm.
The worm is moderately wounded.
The worm barely misses you.
Casting: Magic Dart
Confirm with . or Enter, or press ? or * to list all spells.
Aiming: Magic Dart
Press: ? - help, Shift-Dir - straight line, f/p - worm
Aim: a worm (moderately wounded)
The magic dart hits the worm.
The worm is moderately wounded.
Casting: Magic Dart
Confirm with . or Enter, or press ? or * to list all spells.
You don't have enough magic to cast that spell.
Casting: Magic Dart
Confirm with . or Enter, or press ? or * to list all spells.
You don't have enough magic to cast that spell.
Casting: Magic Dart
Confirm with . or Enter, or press ? or * to list all spells.
You don't have enough magic to cast that spell.
Are you sure you want to abandon this character and quit the game? (Confirm with "yes".)

..# #..≈≈###### ^.#
#..§# # ..# #.#
######.§§# ..# ....#
#.......≈# ..# .....#
#.######≈# ..#
....###.# .+ ..#
...#...# ≈# ..#######
..#.###### ≈# .......)#
#+#.#@w....# ≈#
........# #.#.#)####.#
≈ # ........####.....#
#.# #####
........'.##.....####.#
#....
........#.##..........#
#....
###.............#####.#
#.... #.............#
#...# #....
#.............# #J#+#
###.. #.............#
#h....# ###


You could see a worm.

Vanquished Creatures
  4 giant geckos (D:1)
  3 oozes
  A ball python (D:1)
  5 bats
  6 goblins
  6 hobgoblins (D:1)
  3 jackals
  3 kobolds
  3 giant newts (D:1)
  A quokka (D:2)
  8 rats
43 creatures vanquished.

Notes
Turn   | Place    | Note
--------------------------------------------------------------
     0 | D:1      | Kellhus, the Vampire Wizard, began the quest for the Orb.
     0 | D:1      | Reached XP level 1. HP: 13/13 MP: 4/4
   268 | D:1      | Reached skill level 1 in Conjurations
   390 | D:1      | Reached XP level 2. HP: 13/19 MP: 0/6
  1284 | D:1      | Reached XP level 3. HP: 22/24 MP: 0/8
  1673 | D:2      | Noticed Terence
  1833 | D:1      | Reached skill level 4 in Stealth
  2690 | D:2      | Quit the game

Action                   || total
-------------------------++-------
Melee: Unarmed           ||    53
 Cast: Magic Dart        ||   153
  Eat: Corpse            ||    17
